 Dungeon Crawl Stone Soup version 0.27-a0-543-gd81048afd2 (webtiles) character file.

Game seed: 6680877617036064201

224 Leibowitz the Cutter (level 6, -9/37 HPs)
             Began as a Kobold Gladiator on Mar 7, 2021.
             Killed from afar by an orc wizard (10 damage)
             ... with a magic dart
             ... on level 4 of the Dungeon.
             The game lasted 00:03:20 (2771 turns).

Leibowitz the Cutter (Kobold Gladiator)             Turns: 2771, Time: 00:03:21

Health: -9/37      AC:  8    Str: 11    XL:     6   Next: 20%
Magic:  6/6        EV: 17    Int:  9    God:
Gold:   187        SH:  0    Dex: 25    Spells: 5/5 levels left

rFire    . . .     SeeInvis .   a - +0 rapier
rCold    . . .     Faith    .   (shield restricted)
rNeg     . . .     Spirit   .   b - +0 leather armour
rPois    .         Reflect  .   c - +0 helmet
rElec    .         Harm     .   (no cloak)
rCorr    .         Rampage  .   (no gloves)
Will     .....                  (no boots)
Stlth    ++++......             (no amulet)
HPRegen  0.12/turn              h - +4 ring of protection
MPRegen  0.10/turn              q - +6 ring of dexterity

@: mighty
A: small, nightstalker 3
a: no special abilities


You were on level 4 of the Dungeon.
You visited 1 branch of the dungeon, and saw 4 of its levels.

You collected 187 gold pieces.

Inventory:

Hand Weapons
 a - a +0 rapier (weapon)
Missiles
 d - 3 throwing nets (quivered)
Armour
 b - a +0 leather armour (worn)
 c - a +0 helmet (worn)
Jewellery
 h - a +4 ring of protection (left hand)
 q - a +6 ring of dexterity (right hand)
Scrolls
 f - a scroll of fear {unknown}
 i - 2 scrolls of identify {unknown}
 j - 4 scrolls of blinking {unknown}
 l - a scroll of teleportation {unknown}
 n - a scroll of magic mapping {unknown}
 o - a scroll of enchant weapon {unknown}
 p - a scroll of fog {unknown}
Potions
 e - a potion of brilliance {unknown}
 g - a potion of might
 k - a potion of haste {unknown}
 m - 2 potions of ambrosia {unknown}


   Skills:
 + Level 3.0 Fighting
 + Level 6.1 Short Blades
 + Level 2.5 Throwing
 + Level 1.2 Armour
 + Level 4.5 Dodging
 + Level 3.3 Stealth


You had 5 spell levels left.
You didn't know any spells.
Your spell library was empty.

Dungeon Overview and Level Annotations

Branches:
Dungeon (4/15)
 Temple: D:4-7

Altars:
Kikubaaqudgha
Makhleb
Xom


Innate Abilities, Weirdness & Mutations

You are small and have problems with some larger weapons.
You are completely attuned to the shadows.


Message History

You hear some strange, mumbled words.
A puff of flame appears from out of thin air!
The puff of flame hits you!
You closely miss something.
You hear some strange, mumbled words.
A magic dart appears from out of thin air!
The magic dart hits you.
You miss something.
You hear some strange, mumbled words.
A puff of flame appears from out of thin air!
The puff of flame hits you!
* * * LOW HITPOINT WARNING * * *
You barely miss something.
An orc wizard appears from thin air!
Reactivating autopickup.
An ogre comes into view. It is wielding a +0 giant spiked club.
The orc wizard completely misses you.
The ogre shouts!
You hit the orc wizard but do no damage.
The orc wizard is severely wounded.
You hear a shout! x4
The orc wizard casts a spell at itself.
The orc wizard flickers and vanishes!
Deactivating autopickup; reactivate with Ctrl-A.
You hear a shout! x2
You miss something.
You hear some strange, mumbled words.
Something tries to affect you, but you resist.
You miss something. Something hits you but does no damage.
You hear some strange, mumbled words.
A puff of flame appears from out of thin air!
The puff of flame hits you!
* * * LOW HITPOINT WARNING * * *
A magic dart appears from out of thin air!
The magic dart hits you.
* * * LOW HITPOINT WARNING * * *
It was a potion of might.
You feel very mighty all of a sudden.
A magic dart appears from out of thin air!
The magic dart hits you!
You die...

........ ....... ..#
......#+#..##
......#......
......#.o..# #####
...........# #...#
..###..#...####.#.#+#
. #_......Z{..†....
#####...O###@....
#....>..###.....
###'####>.........
#.....##.###.#####
#.....##....<....
#.....###....###.
#............+
#....####....# #....#
#....#


You could see a bullfrog skeleton.

Vanquished Creatures
  An ogre (D:3)
  A hound (D:2)
  A worker ant (D:4)
  A howler monkey skeleton (D:4)
  An adder (D:3)
  An ooze (D:2)
  A dart slug (D:3)
  3 leopard geckos
  5 orcs
  A ball python (D:3)
  5 bats
  2 giant cockroaches
  8 goblins
  10 hobgoblins
  2 frilled lizards (D:2)
  6 kobolds
  6 rats
55 creatures vanquished.

Notes
Turn   | Place    | Note
-------+----------+-------------------------------------------
     0 | D:1      | Leibowitz the Kobold Gladiator began the quest for the Orb.
     0 | D:1      | Reached XP level 1. HP: 12/12 MP: 1/1
   188 | D:1      | Reached XP level 2. HP: 17/18 MP: 2/2
   995 | D:2      | Reached XP level 3. HP: 22/22 MP: 3/3
  1041 | D:2      | Reached skill level 1 in Stealth
  1041 | D:2      | Reached XP level 4. HP: 24/27 MP: 4/4
  1350 | D:2      | Reached skill level 5 in Short Blades
  1606 | D:2      | Found an ancient bone altar of Kikubaaqudgha.
  1821 | D:2      | Found a faded altar of an unknown god.
  2333 | D:3      | Reached XP level 5. HP: 25/31 MP: 5/5
  2424 | D:3      | Noticed an ogre
  2426 | D:3      | Killed an ogre
  2427 | D:3      | Reached skill level 1 in Armour
  2429 | D:3      | Found a shimmering altar of Xom.
  2681 | D:4      | Reached XP level 6. HP: 37/37 MP: 6/6
  2689 | D:4      | Found a burning altar of Makhleb.
  2722 | D:4      | Reached skill level 6 in Short Blades
  2765 | D:4      | Noticed an ogre
  2770 | D:4      | HP: 1/37 [something/magic dart (4)]
  2771 | D:4      | Killed from afar by an orc wizard

Illustrated notes

Levels and vault maps discovered:
D:1:      dpeg_arrival_ternary, layout_basic
D:2:      layout_loops_corners, kiku_gazebo_garden_becter,
          chequers_ecumenical_altar_island
D:3:      layout_loops_ring, nicolae_overflow_crystal_walls
D:4:      layout_basic, overflow_temple_1_default,
          minmay_temple_entry_antechambers, uniq_robin

Skill      XL: |  1  2  3  4  5  6 |
---------------+-------------------+-----
Dodging        | 4 |  4.5
Stealth        | 1 2 3 |  3.3
Short Blades   | 5 6 |  6.1
Fighting       | 3 |  3.0
Armour         | 1 |  1.2
Throwing       | |  2.5

Action                   |  1- 3 |  4- 6 || total
-------------------------+-------+-------++-------
Melee: Rapier            |    42 |   114 ||   156
  Use: Potion            |       |     1 ||     1
 Stab: Sleeping          |     6 |    10 ||    16
Armor: Leather armour    |     9 |    18 ||    27
Dodge: Dodged            |    25 |    63 ||    88

Table legend: (Time is in decaauts)
 A = Elapsed time spent in this place.
 B = Non-inter-level travel time spent in this place.
 C = Inter-level travel time spent in this place.
 D = Time resting spent in this place.
 E = Time spent auto-exploring this place.
 F = Levels seen in this place.
 G = Mean time per level.
                   A        B        C        D        E       F      G
               +--------+--------+--------+--------+--------+-----+--------+
         Total |   2768 |   2733 |     35 |      0 |   2293 |   4 |  692.0 |
       Dungeon |   2768 |   2733 |     35 |      0 |   2293 |   4 |  692.0 |
               +--------+--------+--------+--------+--------+-----+--------+

Top non-repeatable levels by time:
     D:2: 1014 daAuts
     D:1: 977 daAuts
     D:3: 686 daAuts
     D:4: 91 daAuts
